 Dungeon Crawl Stone Soup version 0.30-a0-852-g08b95dd62f (webtiles) character file.

Game seed: 658286180371888471

56 BattleRest the Insei (level 4, -1/35 HPs)
             Began as a Meteoran Transmuter on Mar 5, 2023.
             Slain by an orc priest
             ... wielding a +0 club
              (3 damage)
             ... on level 3 of the Dungeon.
             The game lasted 00:06:55 (1261 turns).

BattleRest the Insei (Meteoran Transmuter)          Turns: 1261, Time: 00:06:56

Health: -1/35      AC:  3    Str: 11    XL:     4   Next: 39%
Magic:  9/9        EV: 13    Int: 14    God:
Gold:   84         SH:  0    Dex: 17    Spells: 8/9 levels left

rFire   . . .      SeeInvis .      - Unarmed
rCold   . . .      Faith    .    (no shield)
rNeg    . . .      Spirit   .    a - +0 robe
rPois   .          Reflect  .    h - +0 helmet
rElec   .          Rampage  .    (no cloak)
rCorr   .                        (no gloves)
Will    .....                    (no boots)
Stlth   +                        (no amulet)
HPRegen 0.25/turn                (no ring)
MPRegen 0.11/turn                (no ring)

@: glowing
A: sense surroundings 1, otherworldly, glowing, explore regen
a: no special abilities


You were on level 3 of the Dungeon.
You visited 1 branch of the dungeon, and saw 3 of its levels.

You collected 84 gold pieces.

Inventory:

Armour
 a - a +0 robe (worn)
 h - a +0 helmet (worn)
Scrolls
 c - a scroll of immolation {unknown}
 d - a scroll of fog {unknown}
 e - a scroll of amnesia {unknown}
 f - 5 scrolls of identify {unknown}
 g - a scroll of enchant armour {unknown}
 j - 3 scrolls of teleportation {unknown}
 k - a scroll of poison {unknown}
Potions
 b - 2 potions of lignification
 i - 2 potions of flight {unknown}
 l - a potion of curing {unknown}


   Skills:
 + Level 1.1 Fighting
 + Level 3.0 Dodging
 + Level 0.2 Stealth
 + Level 4.9 Unarmed Combat
 + Level 3.2 Spellcasting
 + Level 2.5 Transmutations


You had 8 spell levels left.
You knew the following spells:

 Your Spells              Type           Power      Damage    Failure   Level
a - Beastly Appendage     Tmut           18%        N/A       8%          1

Your spell library contained the following spells:

 Spells                   Type           Power      Damage    Failure   Level
 Wereblood                Tmut           9%         N/A       11%         2
 Spider Form              Tmut/Pois      5%         N/A       36%         3
 Ice Form                 Ice/Tmut       5%         N/A       77%         4


Dungeon Overview and Level Annotations

Branches:
Dungeon (3/15) Zot: 551

Altars:
Hepliaklqana

Shops:
D:3 *


Innate Abilities, Weirdness & Mutations

You passively map a small area around you.
You are easily found by Zot.
You glow in the dark.
You regain HP and MP as you explore.


Message History

You hit the orc priest but do no damage.
The orc priest is moderately wounded.
The orc priest hits you with a +0 club.
You hit the orc priest.
You headbutt the orc priest, but do no damage.
The orc priest is severely wounded.
The orc priest calls down the wrath of Beogh upon you.
Pain shoots through your body!
* * * LOW HITPOINT WARNING * * *
You closely miss the orc priest. Your kick misses the orc priest.
The orc priest is severely wounded.
The orc priest closely misses you.
You hit the orc priest but do no damage.
Your kick misses the orc priest.
The orc priest is severely wounded.
The orc priest hits you but does no damage.
You barely miss the orc priest.
You claw the orc priest, but do no damage.
Your headbutt misses the orc priest.
The orc priest is severely wounded.
The orc priest hits you with a +0 club.
* * * LOW HITPOINT WARNING * * *
You hit the orc priest.
You headbutt the orc priest, but do no damage.
The orc priest is severely wounded.
Your horns disappear.
Your talons disappear.
Your +0 helmet unmelds from your body.
The orc priest invokes the aid of Beogh against you.
You struggle to resist.
You hit the orc priest.
The orc priest is almost dead.
The orc priest hits you with a +0 club.
* * * LOW HITPOINT WARNING * * *
You barely miss the orc priest.
The orc priest is almost dead.
The orc priest closely misses you.
You hit the orc priest but do no damage.
The orc priest is almost dead.
The orc priest hits you with a +0 club.
You die...

, , , , , * ,
* #########(
, , ,
......... ,
**#....# *
,o## #....#
,..o.# #@...#
,
#...####o...#
* ,
#.........# *
* ,
#######....#
, * ,,
#.....†....#
, , *
#.####.....#*
, , , * #.#
#.....# * *,
,, * #.#
#.....##.., *
#.#
#.........


You could see an orc priest.

Vanquished Creatures
  A dart slug (D:2)
  2 orcs
  3 ball pythons
  2 bats (D:2)
  4 endoplasms
  6 giant cockroaches
  4 goblins
  5 hobgoblins
  4 kobolds
  3 quokkas
  3 frilled lizards
  8 rats
45 creatures vanquished.

Vanquished Creatures (others)
  A fungus (D:1)
1 creature vanquished.

Grand Total: 46 creatures vanquished

Notes
Turn   | Place    | Note
-------+----------+-------------------------------------------
     0 | D:1      | BattleRest the Meteoran Transmuter began the quest for the
                  | Orb.
     0 | D:1      | Reached XP level 1. HP: 16/16 MP: 5/5
    75 | D:1      | Reached XP level 2. HP: 19/23 MP: 6/6
    78 | D:1      | Reached skill level 4 in Unarmed Combat
   128 | D:1      | Found a faded altar of an unknown god.
   257 | D:1      | Reached XP level 3. HP: 19/28 MP: 8/8
   503 | D:1      | Glimpsed the power of Zot.
   553 | D:1      | Glimpsed the power of Zot.
   610 | D:2      | Found a hazy altar of Hepliaklqana.
   787 | D:2      | Reached XP level 4. HP: 35/35 MP: 9/9
  1114 | D:3      | Found Gyarygo's General Store.
  1261 | D:3      | Slain by an orc priest

Illustrated notes

Levels and vault maps discovered:
D:1:      mushboom_english_gardens, layout_loops_ring,
          shapermc_ecumenical_altar_acropolis
D:2:      layout_rooms, serial_corexii_hall, chequers_hall_statues_wall_a,
          chequers_hall_statues_corner_a, basic_altar,
          nicolae_elevator_lobby_plus
D:3:      layout_basic, zin_treasury, mainiacjoe_overflow_small_starburst,
          serial_shops, shop, chequers_jeans, uniq_sigmund

Skill      XL: |  1  2  3  4 |
---------------+-------------+-----
Unarmed Combat | 4 |  4.9
Spellcasting   | 3 |  3.2
Dodging        | 3 |  3.0
Fighting       | |  1.1
Stealth        | |  0.2
Transmutations | |  2.5

Action                     |  1- 3 |  4- 6 || total
---------------------------+-------+-------++-------
  Melee: Unarmed           |   105 |    63 ||   168
         Punch             |     1 |     2 ||     3
         Headbutt          |     1 |     6 ||     7
         Kick              |     1 |     3 ||     4
   Cast: Beastly Appendage |     3 |     2 ||     5
 Armour: Robe              |    25 |    17 ||    42
  Dodge: Dodged            |    47 |    32 ||    79

Table legend: (Time is in decaauts)
 A = Elapsed time spent in this place.
 B = Non-inter-level travel time spent in this place.
 C = Inter-level travel time spent in this place.
 D = Time resting spent in this place.
 E = Time spent auto-exploring this place.
 F = Levels seen in this place.
 G = Mean time per level.
                   A        B        C        D        E       F      G
               +--------+--------+--------+--------+--------+-----+--------+
         Total |   1248 |   1210 |     38 |    186 |    626 |   3 |  416.0 |
       Dungeon |   1248 |   1210 |     38 |    186 |    626 |   3 |  416.0 |
               +--------+--------+--------+--------+--------+-----+--------+

Top non-repeatable levels by time:
     D:1: 566 daAuts
     D:2: 476 daAuts
     D:3: 205 daAuts
